 Dungeon Crawl Stone Soup version 0.25-a0-1079-g858b6a6ff6 (webtiles) character file.

Game seed: 1809905124417772938, levelgen mode: deterministic

14424 Gwenloh the Tainter (level 12, 0/106 HPs)
             Began as a Naga Venom Mage on May 15, 2020.
             Was the Champion of Cheibriados.
             Slain by a six-headed hydra (9 damage)
             ... on level 10 of the Dungeon.
             The game lasted 01:17:50 (13316 turns).

Gwenloh the Tainter (Naga Venom Mage)              Turns: 13316, Time: 01:17:50

Health: 0/106      AC: 12    Str: 26      XL:     12   Next: 16%
Magic:  22/22      EV: 10    Int: 36      God:    Cheibriados [******]
Gold:   466        SH:  0    Dex: 25 (26) Spells: 11/24 levels left

rFire    + + +     SeeInvis +   D - +7 great mace "Firestarter" {inner flame, rF++}
rCold    . . .     Gourm    .   (shield currently unavailable)
rNeg     . . .     Faith    .   B - +0 steam dragon scales
rPois    +         Spirit   .   z - +2 helmet
rElec    .         Reflect  .   C - +1 cloak {Stlth+}
rCorr    .         Harm     .   u - +0 pair of gloves
MR       +....                  (no barding)
Stlth    ++........             t - amulet of the acrobat
HPRegen  0.27/turn              Q - ring of Morchas {+Fly rPois rF+ SInv Stlth-}
MPRegen  0.18/turn              M - +4 ring of slaying

@: lethally poisoned (0 -> -1), very slow
A: large, see invisible, deformed body, poison resistance, slowness 2, slow
metabolism 1, spit poison 1, AC +4
a: Spit Poison, Bend Time, Temporal Distortion, Slouch, Step From Time, Renounce
Religion, Evoke Flight


You were on level 10 of the Dungeon.
You worshipped Cheibriados.
Cheibriados was exalted by your worship.
You were hungry.

You visited 3 branches of the dungeon, and saw 12 of its levels.

You collected 578 gold pieces.
You spent 112 gold pieces at shops.

Inventory:

Hand Weapons
 f - a +0 spear
 x - a +3 mace
 D - the +7 great mace "Firestarter" (weapon) {inner flame, rF++}
   (You found it on level 5 of the Dungeon)

   It has been specially enchanted to burn those struck by it, causing extra
   injury to most foes and up to half again as much damage against particularly
   susceptible opponents.
   It greatly protects you from fire.
Missiles
 b - 253 stones
 y - 34 poisoned darts (quivered)
 E - 4 silver boomerangs
 K - 6 throwing nets
 R - 3 javelins
Armour
 a - a +0 robe
 u - a +0 pair of gloves (worn)
 z - a +2 helmet (worn)
 B - +0 steam dragon scales (worn)
 C - a +1 cloak of stealth (worn)
 J - a +0 leather armour
Jewellery
 d - an uncursed ring of flight
 l - an uncursed amulet of guardian spirit
 n - an uncursed ring of stealth
 t - an amulet of the acrobat (around neck)
 F - an uncursed ring of positive energy
 M - a +4 ring of slaying (right hand)
 O - an uncursed amulet of faith
 Q - the ring of Morchas (left hand) {+Fly rPois rF+ SInv Stlth-}
   (You found it on level 7 of the Dungeon)

   [ring of attention]

   It protects you from fire.
   It protects you from poison.
   It lets you see invisible.
   It lets you fly.
   It makes you less stealthy.
 W - an uncursed ring of positive energy
Wands
 r - a wand of polymorph (5)
 N - a wand of flame (55)
 S - a wand of digging (4)
 T - a wand of acid (7)
 X - a wand of paralysis (7)
Scrolls
 e - 3 scrolls of teleportation
 g - a scroll of immolation
 m - 3 scrolls of remove curse
 v - a scroll of blinking
 w - 4 scrolls of fog
 A - 3 scrolls of amnesia
 H - a scroll of magic mapping
 I - a scroll of enchant weapon
 P - a scroll of fear {unknown}
 V - a scroll of holy word {unknown}
Potions
 h - 4 potions of brilliance {unknown}
 i - 2 potions of flight {unknown}
 j - 2 potions of lignification {unknown}
 k - 2 potions of resistance {unknown}
 o - 2 potions of heal wounds
 p - 2 potions of invisibility {unknown}
 q - 5 potions of curing
 s - a potion of degeneration {unknown}
 G - 3 potions of ambrosia {unknown}
 L - 3 potions of mutation {unknown}
Comestibles
 c - 21 rations


   Skills:
 + Level 6.7 Fighting
 - Level 1.5 Dodging
 - Level 3.0 Stealth
 + Level 6.7 Spellcasting
 + Level 6.3 Conjurations
 + Level 6.5 Transmutations
 + Level 6.4 Fire Magic
 + Level 7.2 Air Magic
 + Level 11.7 Poison Magic
 + Level 5.5 Invocations


You had 11 spell levels left.
You knew the following spells:

 Your Spells              Type           Power        Failure   Level  Hunger
a - Sting                 Tmut/Pois      ####         1%          1    None
b - Poisonous Vapours     Pois/Air       ######       1%          2    None
c - Mephitic Cloud        Conj/Pois/Air  ######..     1%          3    None
d - Ignite Poison         Fire/Tmut/Pois ######..     1%          3    None
e - Olgreb's Toxic Radia  Pois           #######.     1%          4    #......

Your spell library contained the following spells:

 Spells                   Type           Power        Failure   Level  Hunger
 Passwall                 Tmut/Erth      #####...     1%          2    None
 Dazzling Flash           Conj/Hex       #####.       2%          3    None
 Stone Arrow              Conj/Erth      #####.       2%          3    None
 Corona                   Hex            ##.....      3%          1    None
 Sandblast                Erth           ##....       3%          1    None
 Ensorcelled Hibernation  Hex/Ice        ##....       4%          2    None
 Petrify                  Tmut/Erth      #####...     9%          4    #......
 Confusing Touch          Hex            ##......     10%         3    None
 Tukima's Dance           Hex            ##......     10%         3    None
 Lee's Rapid Deconstruct  Erth           ##........   65%         5    ####...


Dungeon Overview and Level Annotations

Branches:
Dungeon (10/15)            Temple (1/1) D:4            Lair (1/6) D:10
    Orc: D:9-12

Altars:
Ashenzari
Cheibriados
Dithmenos
Elyvilon
Fedhas
Gozag
Hepliaklqana
Kikubaaqudgha
Makhleb
Nemelex Xobeh
Okawaru
Qazlal
Ru
Sif Muna
Trog
Uskayaw
Vehumet
Wu Jian
Xom
Yredelemnul
Zin
The Shining One

Shops:
D:7 !   D:9 %

Annotations:
D:8 exclusion: statue
D:9 1 runed translucent door, tilp's ghost, journeyman KoAM


Innate Abilities, Weirdness & Mutations

You cannot wear boots.
Your serpentine skin is tough. (AC +4)
You have supernaturally acute eyesight. (SInv)
Armour fits poorly on your strangely shaped body.
Your system is resistant to poisons. (rPois)
You cover ground very slowly.
You have a slow metabolism.
You can spit poison.


Message History

You climb upwards.
Welcome back to the Dungeon!
You feel sick.
There is a staircase to the Lair here.
You feel much better.
You feel sick. The six-headed hydra bites you!
The six-headed hydra bites you but does no damage.
The six-headed hydra bites you. The six-headed hydra bites you!
The six-headed hydra bites you.
* * * LOW HITPOINT WARNING * * *
The six-headed hydra bites you.
* * * LOW HITPOINT WARNING * * *
You barely miss the six-headed hydra.
You feel sick. The six-headed hydra bites you.
* * * LOW HITPOINT WARNING * * *
The six-headed hydra bites you!
* * * LOW HITPOINT WARNING * * *
The six-headed hydra bites you but does no damage.
The six-headed hydra bites you.
* * * LOW HITPOINT WARNING * * *
The six-headed hydra bites you but does no damage.
The six-headed hydra barely misses you. The six-headed hydra bites you!
You die...

###..[.### ##).#....#..........
#..[...# ###........#..........
#.(....###....P.....#..........
#..)......♣P.P.P....#..........
###.[.####P.......P.......>......
......#............P.............
......#................P....)....
....<.#.........DP...P♣.........^
####..#.........@....♣P..........
#(.##.♣.............♣.........
#...#..P......................
#...###.P.....................
#)....#..................(....
####.....#......(..P.............
.........#...)...................
.........#.......................
.........#.......#.....<.........


You could see a six-headed hydra.

Vanquished Creatures
  Harold (D:9)
  Erica (D:8)
  Erolcha (D:9)
  Sonja (D:10)
  Joseph (D:8)
  Psyche (D:10)
  Maggie (D:9)
  2 spiny frogs (Lair:1)
  Prince Ribbit (D:8)
  A hornet (D:9)
  3 hippogriffs
  Sigmund (D:4)
  22 yaks
  A basilisk (D:10)
  A hungry ghost (D:10)
  3 vampire mosquitoes (D:10)
  A water moccasin (D:10)
  A porcupine (D:10)
  2 black bears
  4 orc warriors
  3 sky beasts
  2 ice beasts (D:8)
  2 necrophages (D:7)
  2 phantoms
  4 ogres
  4 centaurs
  3 crocodiles
  2 big kobolds (D:10)
  5 bullfrogs
  3 gnoll sergeants
  3 scorpions
  6 killer bees (D:10)
  7 wights
  2 howler monkeys
  A quasit (D:10)
  A centaur zombie (D:8)
  A crimson imp (D:5)
  6 hounds
  8 jellies
  3 orc priests (D:8)
  Crazy Yiuf (D:4)
  3 bullfrog skeletons
  3 centaur skeletons
  6 iguanas
  8 orc wizards
  6 worker ants
  A hound zombie (D:10)
  A mummy (D:7)
  A worker ant zombie (D:8)
  A howler monkey zombie (D:7)
  9 gnolls
  12 adders
  2 shadow imps
  6 oozes
  An adder zombie (D:6)
  4 adder skeletons
  2 worms
  2 dart slugs (D:1)
  3 leopard geckos
  30 orcs
  5 giant cockroaches
  4 goblins
  4 hobgoblins
  13 jackals
  4 quokkas
  A ball python (D:3)
  8 bats
  16 frilled lizards
  A jackal skeleton (D:6)
  8 kobolds
  A leopard gecko skeleton (D:5)
  A quokka zombie (D:6)
  5 rats
  A fungus (D:4)
  A plant (D:10)
293 creatures vanquished.

Vanquished Creatures (others)
  4 fungi
  25 plants
29 creatures vanquished.

Grand Total: 322 creatures vanquished

Notes
Turn   | Place    | Note
-------+----------+-------------------------------------------
     0 | D:1      | Gwenloh the Naga Venom Mage began the quest for the Orb.
     0 | D:1      | Reached XP level 1. HP: 15/15 MP: 3/3
   197 | D:1      | Reached XP level 2. HP: 21/24 MP: 1/5
   269 | D:1      | Learned a level 2 spell: Poisonous Vapours
   828 | D:1      | Reached XP level 3. HP: 30/30 MP: 6/6
   889 | D:1      | Learned a level 3 spell: Mephitic Cloud
  1142 | D:1      | Reached skill level 1 in Fighting
  1797 | D:2      | Reached skill level 1 in Air Magic
  1869 | D:2      | Reached skill level 5 in Poison Magic
  1872 | D:2      | Reached XP level 4. HP: 28/38 MP: 0/7
  3177 | D:3      | Found a white marble altar of Elyvilon.
  3247 | D:3      | Reached XP level 5. HP: 45/45 MP: 5/9
  3837 | D:4      | Noticed Sigmund
  3904 | D:4      | Killed Sigmund
  3904 | D:4      | Reached skill level 6 in Poison Magic
  3904 | D:4      | Reached XP level 6. HP: 31/54 MP: 3/10
  3920 | D:4      | Noticed a phantom
  4026 | D:3      | Learned a level 3 spell: Ignite Poison
  4084 | D:4      | Found a staircase to the Ecumenical Temple.
  4094 | Temple   | Entered the Ecumenical Temple
  4730 | D:4      | Reached XP level 7. HP: 61/61 MP: 4/11
  4969 | D:4      | Found a runed translucent door.
  4970 | D:4      | Noticed Crazy Yiuf
  4977 | D:4      | Killed Crazy Yiuf
  5078 | D:5      | Entered Level 5 of the Dungeon
  5081 | D:5      | Found the +7 great mace "Firestarter" {inner flame, rF++}
  5231 | D:5      | Reached skill level 1 in Conjurations
  5231 | D:5      | Reached skill level 1 in Fire Magic
  5307 | D:5      | Reached skill level 7 in Poison Magic
  5385 | D:5      | Found a snail-covered altar of Cheibriados.
  5388 | D:5      | Became a worshipper of Cheibriados the Contemplative
  5692 | D:5      | Found a white marble altar of Elyvilon.
  5709 | D:5      | Reached XP level 8. HP: 69/69 MP: 5/13
  6170 | D:5      | Found a stormy altar of Qazlal.
  6584 | D:6      | Reached skill level 8 in Poison Magic
  6732 | D:6      | Reached * piety under Cheibriados
  7842 | D:7      | Reached XP level 9. HP: 69/78 MP: 15/15
  7904 | D:7      | Found Utzeasmi's Distillery.
  7913 | D:7      | Bought a potion of heal wounds for 70 gold pieces
  7913 | D:7      | Bought a potion of curing for 42 gold pieces
  7927 | D:7      | Reached ** piety under Cheibriados
  7934 | D:7      | Got a flickering bronze ring
  7970 | D:7      | Learned a level 4 spell: Olgreb's Toxic Radiance
  8073 | D:7      | Reached skill level 9 in Poison Magic
  8570 | D:8      | Noticed Erica
  8582 | D:8      | Killed Erica
  8786 | D:8      | Identified the ring of Morchas {+Fly rPois rF+ SInv Stlth-}
                  | (You found it on level 7 of the Dungeon)
  8802 | D:8      | Reached skill level 5 in Air Magic
  8879 | D:8      | Found a radiant altar of Vehumet.
  9094 | D:8      | Reached skill level 1 in Invocations
  9126 | D:8      | Reached *** piety under Cheibriados
  9126 | D:8      | Reached skill level 10 in Poison Magic
  9172 | D:8      | Reached skill level 5 in Spellcasting
  9172 | D:8      | Reached XP level 10. HP: 87/87 MP: 10/17
  9248 | D:8      | Noticed Joseph
  9258 | D:8      | Killed Joseph
  9466 | D:8      | Reached skill level 5 in Fighting
  9548 | D:8      | Noticed Prince Ribbit
  9722 | D:8      | Killed Prince Ribbit
 10191 | D:9      | Noticed Erolcha
 10201 | D:9      | Killed Erolcha
 10201 | D:9      | Reached skill level 5 in Transmutations
 10560 | D:9      | Noticed Harold
 10729 | D:9      | Reached **** piety under Cheibriados
 10741 | D:9      | Reached skill level 5 in Conjurations
 10741 | D:9      | Reached skill level 5 in Fire Magic
 10865 | D:9      | Found a runed translucent door.
 10865 | D:9      | Noticed tilp's ghost (journeyman KoAM)
 10865 | D:9      | Identified the +7 spear of Disharmony {distort, rElec rC-
                  | MR+ Dex+7}
 10923 | D:9      | Found Kodasm's Food Shop.
 10994 | D:9      | Paralysed by Harold for 7 turns
 11003 | D:9      | Killed Harold
 11003 | D:9      | Reached XP level 11. HP: 93/97 MP: 14/19
 11268 | D:9      | Reached skill level 11 in Poison Magic
 11392 | D:9      | Noticed Maggie
 11398 | D:9      | Killed Maggie
 11622 | D:10     | Entered Level 10 of the Dungeon
 11624 | D:10     | Reached ***** piety under Cheibriados
 12060 | D:10     | Noticed Sonja
 12064 | D:10     | Killed Sonja
 12152 | D:10     | Found a staircase to the Lair.
 12466 | D:10     | Reached skill level 5 in Invocations
 12521 | D:10     | Noticed Psyche
 12527 | D:10     | Killed Psyche
 12604 | D:10     | Reached XP level 12. HP: 71/106 MP: 18/21
 12610 | D:10     | Reached ****** piety under Cheibriados
 13293 | Lair:1   | Entered Level 1 of the Lair of Beasts
 13309 | Lair:1   | Noticed a six-headed hydra
 13316 | D:10     | Slain by a six-headed hydra

Illustrated notes

Levels and vault maps discovered:
D:1:      scummos_arrival_simple_crosswalls, layout_loops_corners,
          serial_rivers, chequers_serial_rivers_small_a,
          chequers_serial_rivers_micro_d, chequers_serial_rivers_room_b,
          chequers_serial_rivers_marsh, chequers_serial_rivers_room_a,
          chequers_serial_rivers_room_a, kennysheep_minor_cross,
          chequers_serial_rivers_large_b, minmay_lizard_king
D:2:      layout_basic
D:3:      layout_rooms, old_standard_altar, minmay_misc_feat_encased
D:4:      layout_rooms, minmay_temple_entry_gardened_gates, minivault_23,
          uniq_crazy_yiuf_cottage, uniq_sigmund
D:5:      layout_basic, kennysheep_mini, lemuel_round_altar, first_ration,
          basic_altar
D:6:      layout_basic, chequers_serial_rivers_small_b
D:7:      layout_cave_pools, serial_undead, serial_undead_e, serial_undead_e,
          serial_undead_c, serial_undead_d, serial_shops, shop_fountains
D:8:      layout_loops_ring, vehumet_statue, uniq_prince_ribbit1, uniq_joseph,
          uniq_erica
D:9:      layout_cave_pods, serial_shops, shop_statue,
          ebering_ghost_funeral_grove, minmay_misc_feat_tower,
          hangedman_little_slice_of_home, uniq_harold, uniq_maggie, uniq_erolcha
D:10:     minmay_s_stair_smasher, layout_irregular_city,
          minmay_lair_entry_grove, uniq_sonja, uniq_psyche
Temple:   dpeg_five_rooms_temple
Lair:1:   layout_gridlike

Skill      XL: |  1  2  3  4  5  6  7  8  9 10 11 |
---------------+----------------------------------+-----
Fighting       | 1 2 3 4 5 6 |  6.7
Air Magic      | 1 2 3 4 5 6 7 |  7.2
Poison Magic   | 5 6 7 8 10 11 | 11.7
Spellcasting   | 3 4 5 6 |  6.7
Conjurations   | 1 2 4 5 6 |  6.3
Fire Magic     | 1 2 4 5 6 |  6.4
Transmutations | 2 3 4 5 6 |  6.5
Invocations    | 1 3 5 |  5.5
Dodging        | |  1.5
Stealth        | |  3.0

Action                   |  1- 3 |  4- 6 |  7- 9 | 10-12 || total
-------------------------+-------+-------+-------+-------++-------
Melee: Spear             |    27 |    22 |       |       ||    49
       Mace              |       |     6 |     9 |       ||    15
       Great mace        |       |       |   103 |   147 ||   250
Throw: Stone             |     9 |    13 |    63 |     4 ||    89
       Dart              |       |     4 |     5 |     9 ||    18
       Javelin           |       |       |    14 |    14 ||    28
 Cast: Sting             |    10 |    14 |     7 |    14 ||    45
       Poisonous Vapours |    16 |    29 |    32 |    53 ||   130
       Mephitic Cloud    |       |     3 |     4 |     2 ||     9
       Ignite Poison     |       |     2 |    14 |    26 ||    42
       Olgreb's Toxic Ra |       |       |       |     9 ||     9
 Abil: Spit Poison       |    25 |    16 |    14 |    15 ||    70
  Use: Scroll            |       |       |     8 |     3 ||    11
       Potion            |       |       |       |     2 ||     2
 Stab: Sleeping          |     1 |       |     3 |       ||     4
  Eat: Chunk             |     4 |     7 |    13 |    11 ||    35
       Ration            |       |     1 |       |       ||     1
Armor: Robe              |     6 |    12 |    34 |       ||    52
       Leather armour    |       |       |    38 |    23 ||    61
       Steam dragon scal |       |       |       |    80 ||    80
       Skin              |       |       |       |     2 ||     2
Dodge: Dodged            |    21 |    31 |    98 |   164 ||   314

Table legend:
 A = Non-vault XP
 B = Vault XP
 C = Vault XP percentage of total XP
 D = Non-vault monster count
 E = Vault monster count
 F = Vault count percentage of total count
                 A         B        C        D         E       F
            +---------+---------+-------+---------+---------+-------
      Total |   11845 |    8761 |  42.5 |     229 |      62 |  21.3
            +---------+---------+-------+---------+---------+-------
        D:1 |      40 |      12 |  23.1 |      22 |      10 |  31.2
        D:2 |      88 |       0 |   0.0 |      22 |       0 |   0.0
        D:3 |      82 |       0 |   0.0 |      18 |       0 |   0.0
        D:4 |     262 |     248 |  48.6 |      10 |       2 |  16.7
        D:5 |     804 |       0 |   0.0 |      18 |       0 |   0.0
        D:6 |     373 |       0 |   0.0 |      23 |       0 |   0.0
        D:7 |     462 |     332 |  41.8 |       6 |       6 |  50.0
        D:8 |    1647 |    1654 |  50.1 |      33 |       3 |   8.3
        D:9 |    3341 |    2469 |  42.5 |      34 |      11 |  24.4
       D:10 |    3630 |    4046 |  52.7 |      39 |      30 |  43.5
     Lair:1 |    1116 |       0 |   0.0 |       4 |       0 |   0.0
            +---------+---------+-------+---------+---------+-------
